 Dungeon Crawl Stone Soup version 0.19-a0-49-gb8736b8 (webtiles) character file.

3239 M4edhros the Severer (level 9, 0/105 HPs)
             Began as a Minotaur Berserker on May 6, 2016.
             Was a Priest of Trog.
             Slain by a troll (11 damage)
             ... on level 11 of the Dungeon.
             The game lasted 00:09:47 (1958 turns).

M4edhros the Severer (Minotaur Berserker)           Turns: 1958, Time: 00:09:48

Health: 0/105      AC:  9    Str: 27    XL:     9   Next: 67%
Magic:  8/8        EV: 11    Int:  4    God:    Trog [***...]
Gold:   42         SH:  0    Dex: 13    Spells: 0 memorised, 8 levels left

rFire  . . .     SeeInvis .     B - +0 war axe
rCold  + . .     Gourm    .     h - +0 ring mail
rNeg   + . .     Faith    .     (no shield)
rPois  .         Spirit   .     k - +1 hat
rElec  .         Dismiss  .     (no cloak)
rCorr  .         Reflect  .     (no gloves)
SustAt .         Harm     .     o - +2 pair of boots of Egane {rN+}
MR     .....     Clarity  +     (no amulet)
Stlth  ..........               (no ring)
                                l - ring of protection from cold

@: berserking, lethally poisoned (0 -> -8), slowed, not resistant to hostile
enchantments, extremely unstealthy
A: retaliatory headbutt, horns 2, blurry vision 1, clarity, wild magic 1
a: Berserk, Trog's Hand, Burn Spellbooks, Renounce Religion


You were on level 11 of the Dungeon.
You worshipped Trog.
Trog was most pleased with you.
You were hungry.

You visited 1 branch of the dungeon, and saw 11 of its levels.
You visited 1 bazaar.

You collected 494 gold pieces.
You spent 452 gold pieces at shops.

Inventory:

Hand Weapons
 a - a +0 hand axe
 B - a +0 war axe (weapon)
Armour
 b - a +0 animal skin
 f - a +0 pair of boots
 h - a +0 ring mail (worn)
 k - a +1 hat (worn)
 o - the +2 pair of boots of Egane (worn) {rN+}
   (You found it on level 4 of the Dungeon)

   It protects you from negative energy.
Jewellery
 l - a ring of protection from cold (left hand)
Wands
 j - a wand of disintegration (14/24)
Scrolls
 g - a scroll of blinking
 m - a scroll of teleportation {unknown}
 p - a scroll of enchant armour {unknown}
 q - 2 scrolls of recharging {unknown}
 s - 2 scrolls of identify
 t - a scroll of vulnerability {unknown}
 x - 3 scrolls of remove curse {unknown}
 y - a scroll of immolation {unknown}
Potions
 e - 5 potions of curing
 i - a potion of magic {unknown}
 n - a potion of ambrosia
 u - a potion of lignification {unknown}
 w - 2 potions of resistance
 z - 4 potions of heal wounds
Books
 r - a book of Dreams

   Spells                             Type                      Level
   a - Ensorcelled Hibernation        Hexes/Ice                    2
   b - Silence                        Hexes/Air                    5
   c - Darkness                       Hexes                        6
   d - Shadow Creatures               Summoning                    6
   Trog disapproves of the use of such an item.
Comestibles
 c - 2 bread rations
 d - a royal jelly
 v - 2 meat rations
 A - 15 fruits


   Skills:
 - Level 3.6 Fighting
 + Level 15.6 Axes
 - Level 2.4 Armour
 - Level 2.1 Dodging


You had 8 spell levels left.
You didn't know any spells.

Dungeon Overview and Level Annotations

Branches:
Dungeon (11/15)            Temple (0/1) D:4            Lair (0/8) D:11
    Orc: D:9-12

Altars:
Cheibriados
Elyvilon
Fedhas
Makhleb
The Shining One


Innate Abilities, Weirdness & Mutations

You reflexively headbutt those who attack you in melee.
You have a pair of horns on your head.
Scrolls take you a little longer to read.
You possess an exceptional clarity of mind.
Your spells are a little harder to cast, but a little more powerful.


Message History

The troll is moderately wounded.
You feel sick. The wasp stings you.
* * * LOW HITPOINT WARNING * * *
The wraith closely misses you. You furiously retaliate!
You headbutt the wraith!
The adder bites the fungus.
Unknown command.
Unknown command.
You slash the wraith!
You destroy the wraith!
You hit the wasp but do no damage. You slash the plant!
You destroy the plant!
You hit the troll.
The troll is heavily wounded.
The wasp stings you!
* * * LOW HITPOINT WARNING * * *
You are more poisoned.
The troll bites you!
* * * LOW HITPOINT WARNING * * *
The troll claws you!
You die...

,**,***,,,,,,,,,,,,,,,,,,,,,,,,,,
,**,*,,,,.......P..P..P.**,***,,*
,,,,,,*,,.....P.........(,,,,,,,,
,**,,**,,.......PPPP.....,,,,,,,,
,,,,,*,,,......PPPP.P..P.,,,,,,,,
,***,,,,,..PP.P.PPP.P.....,,****,
,,,,,,,,,.<..PPP.PS.PPP.....,,,,*
****,****#..P.PT.yP.PPPP...###***
,,**,****#....P.@.P.PPPPP....# *,
*,,,,**,,.P.P.....PPP.PP.P.#.##**
****,,*,*.P.PPPPP.>PPP.P......,,,
*,,,,,,,.P..P.PP.PP..PP....<,,,,
**,**,*,*#..P..P...P.PP.P.#**,,,,
,,,,,,,,,...PP..PP..PP.P..# **,,,
,,,**,,,*##...PP...†......# ****
****,,,,,,#...PPPPP.......##
*,,,,,,##...PP..†P...#..######


You could see a troll, a wasp and an adder.

Vanquished Creatures
  The ghost of M4edhros the Cleaver, a novice MiBe of Trog (D:8)
  A troll (D:11)
  Sigmund (D:4)
  A wraith (D:11)
  A yak (D:11)
  A hungry ghost (D:11)
  Grum (D:9)
  2 ice beasts
  An orc warrior (D:11)
  An ogre (D:5)
  2 phantoms
  2 wolves (D:9)
  A centaur (D:8)
  A big kobold (D:9)
  A scorpion (D:9)
  6 wights
  A crimson imp (D:9)
  A giant frog zombie (D:10)
  3 hounds
  A jelly (D:7)
  3 orc priests
  6 orc wizards
  2 iguanas (D:9)
  6 worker ants
  4 gnolls (D:9)
  An adder (D:4)
  A shadow imp (D:9)
  An ooze (D:1)
  An adder skeleton (D:4)
  2 dart slugs (D:1)
  12 orcs
  A ball python (D:4)
  8 bats
  A giant cockroach (D:4)
  A quokka (D:4)
  A giant gecko skeleton (D:6)
  A giant newt (D:4)
  3 goblins (D:1)
  5 kobolds
  A quokka skeleton (D:4)
  2 rats
  10 fungi (D:11)
  2 plants (D:11)
105 creatures vanquished.

Vanquished Creatures (others)
  2 fungi (D:11)
2 creatures vanquished.

Grand Total: 107 creatures vanquished

Notes
Turn   | Place    | Note
--------------------------------------------------------------
     0 | D:1      | M4edhros the Minotaur Berserker began the quest for the Orb.
     0 | D:1      | Reached XP level 1. HP: 19/19 MP: 0/0
    31 | D:1      | Reached skill level 4 in Axes
    82 | D:1      | Reached XP level 2. HP: 20/26 MP: 1/1
   205 | D:3      | Reached skill level 5 in Axes
   209 | D:3      | Reached XP level 3. HP: 16/31 MP: 2/2
   217 | D:3      | Found a white marble altar of Elyvilon.
   238 | D:3      | Reached skill level 6 in Axes
   238 | D:3      | Reached XP level 4. HP: 35/39 MP: 3/3
   240 | D:3      | Reached ** piety under Trog
   293 | D:3      | Found a glowing golden altar of the Shining One.
   328 | D:4      | Got a pair of encrusted boots
   339 | D:4      | Identified the +2 pair of boots of Egane {rN+} (You found it on level 4 of the Dungeon)
   384 | D:4      | Found a staircase to the Ecumenical Temple.
   413 | D:4      | Noticed a phantom
   418 | D:4      | Killed a phantom
   418 | D:4      | Reached skill level 7 in Axes
   418 | D:4      | Reached XP level 5. HP: 27/45 MP: 4/4
   472 | D:4      | Noticed Sigmund
   480 | D:4      | Killed Sigmund
   480 | D:4      | Reached skill level 8 in Axes
   480 | D:4      | Reached XP level 6. HP: 46/51 MP: 5/5
   562 | D:5      | Entered Level 5 of the Dungeon
   566 | D:5      | Reached skill level 9 in Axes
   578 | D:6      | Noticed an ice beast
   620 | D:6      | Killed an ice beast
   620 | D:6      | Reached XP level 7. HP: 39/57 MP: 6/6
   660 | D:8      | Reached skill level 10 in Axes
   783 | D:7      | Found a snail-covered altar of Cheibriados.
   788 | D:7      | Found a burning altar of Makhleb.
   849 | D:8      | Noticed M4edhros's ghost (novice MiBe)
   865 | D:8      | Killed M4edhros's ghost
   865 | D:8      | Reached skill level 12 in Axes
   865 | D:8      | Reached XP level 8. HP: 48/64 MP: 7/7
   915 | D:9      | Noticed Grum
   927 | D:9      | Killed Grum
   927 | D:9      | Reached skill level 13 in Axes
   964 | D:9      | HP: 1/64 [gnoll (7)]
  1110 | D:9      | Found a blossoming altar of Fedhas.
  1121 | D:9      | Reached *** piety under Trog
  1326 | D:9      | Reached XP level 9. HP: 68/70 MP: 8/8
  1366 | D:9      | Reached skill level 14 in Axes
  1457 | D:9      | Gained mutation: Scrolls take you a little longer to read. [potion of mutation]
  1457 | D:9      | Gained mutation: You possess an exceptional clarity of mind. [potion of mutation]
  1457 | D:9      | Gained mutation: Your spells are a little harder to cast, but a little more powerful. [potion of mutation]
  1496 | D:10     | Entered Level 10 of the Dungeon
  1632 | D:11     | Noticed a troll
  1644 | D:11     | Killed a troll
  1654 | D:11     | Found a flickering gateway to a bazaar.
  1674 | Bazaar   | Entered a bazaar
  1674 | Bazaar   | Found Qemainea's Antique Weapon Shoppe.
  1674 | Bazaar   | Found Cezoov's General Store.
  1674 | Bazaar   | Found Ymaewuakh's Book Shoppe.
  1674 | Bazaar   | Found Muevive Ilixt's Gadget Shop.
  1676 | Bazaar   | Found Quemepn's Distillery.
  1719 | Bazaar   | Bought a potion of resistance for 80 gold pieces
  1719 | Bazaar   | Bought a potion of curing for 24 gold pieces
  1719 | Bazaar   | Bought a potion of heal wounds for 40 gold pieces
  1719 | Bazaar   | Bought a potion of curing for 24 gold pieces
  1719 | Bazaar   | Bought a potion of curing for 24 gold pieces
  1719 | Bazaar   | Bought a potion of resistance for 80 gold pieces
  1725 | Bazaar   | Bought a potion of heal wounds for 50 gold pieces
  1725 | Bazaar   | Bought a potion of curing for 30 gold pieces
  1725 | Bazaar   | Bought 2 potions of heal wounds for 100 gold pieces
  1751 | D:11     | Reached skill level 15 in Axes
  1890 | D:11     | Found a staircase to the Lair.
  1952 | D:11     | Noticed a troll
  1958 | D:11     | Slain by a troll

Vault maps used:
D:1:      dpeg_arrival_stonehenge_12_columns
D:3:      nicolae_overflow_crystal_walls, lemuel_crystal_altar,
          elyvilon_altar_4, dk_vineyard_3, grunt_pakellas_basics
D:4:      minmay_temple_entry_overgrown, uniq_sigmund
D:5:      vehumet_altar_wand_db, serial_shops, shop, first_bread, uniq_grinder,
          uniq_menkaure, uniq_edmund
D:6:      hangedman_abyss_or_decor_stabs, uniq_prince_ribbit1
D:7:      overflow_temple_1_default, bloody_makhleb,
          nemelex_xobeh_ov_fountains_minmay, uniq_joseph
D:8:      zin_purify
D:9:      hangedman_tree_tricks, hangedman_decor_clover_reticule, uniq_grum
D:10:     uniq_fannar
D:11:     due_lair_maze_entry_diamond, serial_shops, bzr_entry_gold,
          hangedman_decor_riveting, nrook_loot_triangle
Bazaar:   bazaar_minmay_generic_island

Skill      XL: |  1  2  3  4  5  6  7  8  9 |
---------------+----------------------------+-----
Axes           | 4 5 6 7 8 9 12 13 15 | 15.6
Fighting       | |  3.6
Armour         | |  2.4
Dodging        | |  2.1

Action                   |  1- 3 |  4- 6 |  7- 9 || total
-------------------------+-------+-------+-------++-------
Melee: Hand axe          |    29 |    46 |   186 ||   261
       Headbutt          |     5 |     8 |    54 ||    67
       War axe           |       |       |    40 ||    40
Invok: Berserk           |     1 |     3 |     6 ||    10
  Use: Potion            |       |       |     2 ||     2
       Scroll            |       |       |     5 ||     5
  Eat: Chunk             |       |     2 |    11 ||    13
       Beef jerky        |       |       |     1 ||     1
Armor: Animal skin       |     2 |       |       ||     2
       Ring mail         |     6 |    16 |    73 ||    95
Dodge: Dodged            |    25 |    21 |   107 ||   153
